Map: Catalyst LE

Players

LiquidTLO (TLO) - Winner!

  • Race: Zerg Zerg
  • League: Grandmaster
  • Spawn Location: 5:00

Bly

  • Race: Zerg Zerg
  • League: Grandmaster
  • Spawn Location: 11:00

Event: HomeStory Cup XVI

VOD

Have the link to the VOD?

Description

Time

  • Played on: Nov. 10, 2017, 10:47 a.m.
  • Length: 13:10

All games in this series

Show
View Real Time Build Order
Export as new Build Order

LiquidTLO Zerg - Winner!

Build Orders: Pool First 

Get SALT Encoding   

  12  0:17  Spawning Pool  
  11  0:22  Drone  
  11  0:27  Drone  
  13  0:31  Drone  
  14  0:40  Overlord  
  14  1:04  Zergling x4  
  16  1:05  Queen, Zergling x2  
  19  1:15  Zergling x2  
  20  1:26  Zergling x2  
  21  1:37  Zergling x2  
  22  1:41  Hatchery  
  21  1:49  Overlord  
  21  2:01  Drone  
  21  2:07  Queen  
  24  2:11  Drone  
  25  2:21  Drone  
  26  2:23  Drone  
  26  2:25  Drone  
  28  2:30  Drone  
  27  2:40  Drone  
  27  2:42  Queen  
  30  2:53  Queen, Drone  
  30  2:57  Drone  
  34  3:02  Drone  
  35  3:07  Overlord  
  35  3:08  Extractor x2  
  33  3:14  Overlord  
  33  3:17  Drone  
  33  3:18  Drone  
  35  3:21  Drone  
  35  3:26  Drone x2  
  38  3:27  Drone  
  39  3:36  Drone  
  39  3:37  Drone x2  
  42  3:43  Zergling x2  
  42  3:48  Zergling x2  
  44  3:50  Zergling x4  
  44  3:54  Drone  
  46  4:01  Drone  
  44  4:03  Drone  
  44  4:05  Drone  
  44  4:08  Drone  
  46  4:15  Drone x2  
  48  4:22  Lair  
  48  4:25  Drone  
  48  4:27  Drone  
  50  4:34  Drone  
  50  4:35  Drone  
  50  4:36  Evolution Chamber  
  50  4:37  Drone  
  52  4:43  Roach Warren  
  52  4:44  Drone  
  52  4:52  Overlord  
  52  5:01  Hatchery  
  52  5:02  Zerg Missile Weapons Level 1  
  50  5:09  Drone  
  50  5:10  Overlord  
  51  5:19  Overlord  
  51  5:22  Glial Reconstitution  
  51  5:24  Roach  
  51  5:25  Roach x3, Overseer  
  59  5:30  Roach  
  59  5:32  Roach  
  59  5:33  Roach  
  65  5:36  Roach  
  65  5:38  Roach  
  65  5:41  Roach  
  71  5:48  Roach x2  
  71  5:49  Roach  
  75  5:51  Roach  
  75  5:53  Overlord  
  75  6:01  Drone  
  75  6:03  Extractor, Overlord  
  75  6:07  Overlord  
  75  6:10  Overlord  
  75  6:11  Overlord  
  75  6:13  Roach  
  75  6:14  Roach  
  75  6:18  Overlord  
  79  6:20  Ravager x2  
  79  6:24  Roach  
  83  6:26  Roach  
  83  6:31  Roach  
  87  6:35  Roach  
  89  6:43  Roach  
  91  6:48  Queen  
  91  6:53  Roach  
  80  6:54  Roach  
  80  6:59  Roach  
  78  7:05  Drone x2  
  78  7:06  Drone  
  78  7:07  Drone  
  78  7:08  Drone x2  
  82  7:09  Drone  
  82  7:14  Roach  
  85  7:17  Queen  
  85  7:22  Roach  
  85  7:26  Queen  
  83  7:31  Roach  
  83  7:35  Queen  
  87  7:37  Roach  
  87  7:39  Zergling x2  
  87  7:42  Roach  
  92  7:45  Drone x2  
  92  7:46  Roach  
  92  7:48  Drone  
  92  7:49  Drone  
  92  7:51  Roach  
  100  7:54  Roach  
  102  8:01  Roach  
  102  8:02  Roach  
  104  8:08  Roach x2  
  104  8:09  Roach  
  97  8:23  Drone  
  100  8:27  Roach  
  100  8:28  Roach  
  100  8:29  Drone  
  100  8:30  Overlord, Drone x3  
  106  8:40  Overlord  
  106  8:42  Overlord x2  
  106  8:51  Roach  
  106  8:53  Roach  
  110  8:57  Roach x2  
  110  9:02  Roach x2  
  114  9:06  Roach  
  104  9:11  Roach  
  104  9:16  Roach  
  105  9:20  Roach  
  107  9:24  Roach  
  100  9:43  Roach  
  46  11:04  Drone  
  47  11:20  Extractor  
  44  12:09  Ravager  
Show
View Real Time Build Order
Export as new Build Order

Bly Zerg 

Build Orders: Hatch First 

Get SALT Encoding   

  12  0:01  Drone  
  13  0:12  Overlord  
  13  0:16  Drone  
  14  0:31  Drone  
  14  0:32  Drone  
  14  0:35  Drone  
  17  0:52  Hatchery  
  16  0:57  Drone  
  16  1:02  Extractor  
  16  1:12  Spawning Pool  
  16  1:13  Drone  
  16  1:17  Drone  
  17  1:21  Drone  
  19  1:32  Drone  
  19  1:40  Overlord  
  19  1:58  Queen  
  19  2:00  Zergling x4  
  23  2:03  Queen  
  23  2:04  Zergling x2  
  26  2:13  Zergling x2  
  27  2:15  Metabolic Boost  
  27  2:30  Spine Crawler  
  24  2:38  Zergling x2  
  25  2:47  Zergling x4  
  27  2:53  Zergling x2  
  28  3:04  Zergling x4  
  28  3:05  Zergling x6  
  33  3:18  Overlord  
  33  3:28  Drone x3  
  36  3:37  Overlord, Drone x3  
  39  3:41  Drone  
  39  3:42  Drone  
  39  3:45  Drone  
  36  4:04  Drone  
  36  4:05  Drone x5  
  36  4:09  Drone  
  41  4:21  Drone x3  
  43  4:28  Hatchery  
  42  4:33  Drone x5  
  47  4:40  Extractor  
  47  4:42  Overlord  
  46  4:45  Drone  
  46  4:46  Drone  
  46  4:47  Extractor  
  46  4:52  Roach Warren  
  46  4:56  Zergling x2  
  46  4:57  Zergling x6  
  46  4:59  Overlord x2  
  50  5:17  Overlord  
  50  5:23  Overlord  
  50  5:25  Queen  
  52  5:35  Roach x8  
  68  5:40  Roach  
  68  5:41  Roach x2  
  72  5:58  Zergling x18  
  72  6:01  Ravager  
  72  6:02  Ravager x2  
  84  6:09  Zergling x2  
  84  6:10  Zergling x4  
  87  6:11  Ravager  
  88  6:22  Zergling x6  
  91  6:27  Ravager, Overlord, Drone  
  91  6:29  Overlord  
  93  6:35  Zergling x10  
  93  6:36  Overlord  
  93  6:39  Overlord  
  97  6:49  Zergling x4  
  97  6:50  Zergling x8  
  85  7:04  Ravager x3  
  85  7:05  Zergling x18  
  85  7:08  Lair  
  86  7:25  Zergling x8  
  86  7:26  Zergling x6  
  91  7:32  Extractor  
  91  7:36  Evolution Chamber  
  89  7:43  Roach x8  
  105  7:48  Drone  
  105  7:49  Drone  
  107  7:56  Overlord  
  107  7:58  Overlord  
  98  8:14  Roach x6  
  98  8:19  Zerg Missile Weapons Level 1  
  105  8:22  Glial Reconstitution  
  105  8:27  Drone x3  
  105  8:28  Drone  
  105  8:29  Drone  
  112  8:41  Roach x4  
  118  8:51  Roach x3  
  122  8:58  Roach x3  
  124  9:07  Roach x2  
  124  9:09  Roach x3  
  105  9:25  Roach x4  
  95  9:39  Roach x2  
  95  9:40  Roach  
  95  9:45  Roach x2  
  56  10:15  Drone  
  53  10:35  Drone  
  31  11:26  Roach  
  4  12:03  Zergling x2  
  5  12:17  Zergling x2  
Tags
 
Add a new tag
Caveats
  • Supply blocks, unpowered buildings, or Contaminate may cause inaccurate times.
  • Supply counts are checked every 10 seconds.